 Dungeon Crawl Stone Soup version 0.28-a0-991-g956f0ee3d5 (webtiles) character file.

Game seed: 11135193312997982764

118 heikuro the Shield-Bearer (level 5, -2/42 HPs)
             Began as a Formicid Fighter on Dec 4, 2021.
             Was an Initiate of Makhleb.
             Slain by a river rat (5 damage)
             ... on level 3 of the Dungeon.
             The game lasted 00:03:55 (1959 turns).

heikuro the Shield-Bearer (Formicid Fighter)        Turns: 1959, Time: 00:03:57

Health: -2/42      AC:  8    Str: 22    XL:     5   Next: 23%
Magic:  14/14      EV:  9    Int:  8    God:    Makhleb [......]
Gold:   69         SH:  4    Dex: 10    Spells: 4/4 levels left

rFire   . . .      SeeInvis +   a - +0 war axe
rCold   . . .      Faith    .   c - +0 buckler
rNeg    . . .      Spirit   .   b - +0 scale mail
rPois   .          Reflect  .   (helmet unavailable)
rElec   .          Harm     .   (no cloak)
rCorr   .          Rampage  .   (no gloves)
Will    .....                   k - +0 pair of boots
Stlth   ..........              (no amulet)
HPRegen 0.14/turn               j - ring of magical power
MPRegen 0.14/turn               (no ring)

@: no status effects
A: permanent stasis, dig shafts and tunnels, antennae 3, four strong arms
a: Dig, Shaft Self, Renounce Religion


You were on level 3 of the Dungeon.
You worshipped Makhleb.
Makhleb was noncommittal.
You visited 1 branch of the dungeon, and saw 3 of its levels.

You collected 69 gold pieces.

Inventory:

Hand Weapons
 a - a +0 war axe (weapon)
Missiles
 l - a throwing net
 o - 18 poisoned darts (quivered)
Armour
 b - a +0 scale mail (worn)
 c - a +0 buckler (worn)
 k - a +0 pair of boots (worn)
Jewellery
 j - a ring of magical power (left hand)
Scrolls
 e - 2 scrolls of amnesia {unknown}
 f - 2 scrolls of identify {unknown}
 h - a scroll of fear {unknown}
 i - 2 scrolls of teleportation {unknown}
 m - a scroll of enchant armour {unknown}
Potions
 d - a potion of might
 g - a potion of degeneration {unknown}
 n - a potion of flight {unknown}


   Skills:
 + Level 3.9 Fighting
 * Level 3.5 Axes
 + Level 3.9 Armour
 + Level 4.3 Shields
 + Level 0.4 Invocations


You had 4 spell levels left.
You didn't know any spells.
Your spell library was empty.

Dungeon Overview and Level Annotations

Branches:
Dungeon (3/15)

Altars:
Makhleb
Xom

Shops:
D:1 [


Innate Abilities, Weirdness & Mutations

You cannot be hasted, slowed, berserked, paralysed or teleported.
You can dig through walls and to a lower floor.
You have a pair of large antennae on your head. (SInv)
Your four strong arms can wield two-handed weapons with a shield.


Message History

You hit the worm. You closely miss the river rat.
The adder bites you but does no damage.
The river rat bites you but does no damage.
The adder bites you.
You are poisoned.
The adder poisons you! The worm bites you!
You feel sick.
You hit the adder.
The adder is almost dead.
You feel sick. The adder misses you. You block the adder's attack.
You closely miss the adder.
The adder is almost dead.
You feel sick. The adder bites you.
You are more poisoned.
The adder poisons you! The adder bites you but does no damage.
You closely miss the adder.
The adder is severely wounded.
You feel very sick. You block the adder's attack. The adder closely misses you.
You are too injured to fight recklessly!
You slash the adder!
You kill the adder!
Makhleb accepts your kill.
You feel sick.
You are too injured to fight recklessly!
You closely miss the river rat.
You feel sick. The river rat barely misses you.
You are too injured to fight recklessly!
You feel sick. The river rat bites you. The worm bites you!
* * * LOW HITPOINT WARNING * * *
The river rat bites you.
* * * LOW HITPOINT WARNING * * *
You see here an adder corpse.
You are too injured to fight recklessly!
You barely miss the river rat. You slash the river rat! You hit the worm.
You feel sick.
You are no longer poisoned.
The river rat barely misses you. x2; The worm bites you.
* * * LOW HITPOINT WARNING * * *
The river rat bites you.
You die...

#########≈
.≈≈≈≈≈≈≈≈
##≈≈#≈#≈### #
##.)≈.≈≈≈≈≈.
#####.
.......≈...
......
#.rw......
####.
#@##.##.# #
#.r.....# #
##.####### ..#
#...######
....
......#......#
####
#.###...####.#
# #.#.## #.# #
..... #.# #
#.#. #.#


You could see a worm and 2 river rats.

Vanquished Creatures
  A killer bee zombie (D:3)
  6 adders
  2 worms
  5 endoplasms
  A giant cockroach (D:1)
  3 hobgoblins
  5 jackals
  3 kobolds
  A ball python (D:2)
  7 bats
  3 frilled lizards
  3 goblins
  4 rats
44 creatures vanquished.

Notes
Turn   | Place    | Note
-------+----------+-------------------------------------------
     0 | D:1      | heikuro the Formicid Fighter began the quest for the Orb.
     0 | D:1      | Reached XP level 1. HP: 18/18 MP: 1/1
    17 | D:1      | Reached XP level 2. HP: 18/24 MP: 2/2
   398 | D:1      | Found Dyrgh's Armour Shop.
   913 | D:2      | Reached XP level 3. HP: 25/29 MP: 3/3
   976 | D:2      | Reached skill level 4 in Shields
  1329 | D:2      | Reached XP level 4. HP: 34/37 MP: 4/4
  1814 | D:3      | Found a shimmering altar of Xom.
  1842 | D:3      | Found a burning altar of Makhleb.
  1842 | D:3      | Noticed a balrug
  1849 | D:3      | Noticed a ynoxinul
  1849 | D:3      | Noticed a ynoxinul
  1851 | D:3      | Became a worshipper of Makhleb the Destroyer
  1858 | D:3      | Reached XP level 5. HP: 36/42 MP: 5/5
  1959 | D:3      | Slain by a river rat

Illustrated notes

Levels and vault maps discovered:
D:1:      onia_arrival_pyramid, layout_basic, serial_shops, shop,
          minmay_liquid_box
D:2:      layout_loops_ring, minmay_misc_feat_tower
D:3:      layout_loops_ring, makhleb_altar_promises_db, lemuel_doored_altar,
          mainiacjoe_overflow_tiny_flanked, lightli_sewer_entry_pipes

Skill      XL: |  1  2  3 |
---------------+----------+-----
Shields        | 4 |  4.3
Axes           | 3 |  3.5
Fighting       | |  3.9
Armour         | |  3.9
Invocations    | |  0.4

Action                   |  1- 3 |  4- 6 || total
-------------------------+-------+-------++-------
Melee: War axe           |    71 |    66 ||   137
Armor: Scale mail        |    47 |    46 ||    93
Dodge: Dodged            |    43 |    56 ||    99
Block: Buckler           |    20 |    18 ||    38

Table legend: (Time is in decaauts)
 A = Elapsed time spent in this place.
 B = Non-inter-level travel time spent in this place.
 C = Inter-level travel time spent in this place.
 D = Time resting spent in this place.
 E = Time spent auto-exploring this place.
 F = Levels seen in this place.
 G = Mean time per level.
                   A        B        C        D        E       F      G
               +--------+--------+--------+--------+--------+-----+--------+
         Total |   2008 |   1956 |     52 |    311 |   1047 |   3 |  669.3 |
       Dungeon |   2008 |   1956 |     52 |    311 |   1047 |   3 |  669.3 |
               +--------+--------+--------+--------+--------+-----+--------+

Top non-repeatable levels by time:
     D:2: 1079 daAuts
     D:1: 692 daAuts
     D:3: 236 daAuts
